 Dungeon Crawl Stone Soup version 0.28-a0-843-gb979743d38 (webtiles) character file.

Game seed: 6846413909358274368

2568 MacCMillion the Magician (level 9, -1/67 HPs)
             Began as a Djinni Venom Mage on Nov 12, 2021.
             Was an Initiate of Ashenzari.
             Slain by Harold (11 damage)
             ... on level 7 of the Dungeon.
             The game lasted 00:48:00 (10657 turns).

MacCMillion the Magician (Djinni Venom Mage)       Turns: 10657, Time: 00:48:01

Health: -1/67      AC:  7    Str: 15    XL:     9   Next: 87%
Gold:   211        EV: 12    Int: 18    God:    Ashenzari [......] SH:  0 Dex: 14

rFire   + + .      SeeInvis .   i - +2 dagger (elec)
rCold   x . .      Faith    .   (no shield)
rNeg    . . .      Spirit   .   a - +0 robe
rPois   ∞          Reflect  .   (no helmet)
rElec   .          Harm     .   (no cloak)
rCorr   .          Rampage  .   k - +0 pair of gloves
Will    .....                   (boots unavailable)
Stlth   ++........              (no amulet)
HPRegen 0.21/turn               E - +6 ring of strength
MPRegen 0.00/turn               G - +4 ring of protection

@: marked, flying
A: sickness immunity, fire resistance 2, cold vulnerability 1, float, innate
caster, hp casting, extra vitality 1
a: Renounce Religion


You were on level 7 of the Dungeon.
You worshipped Ashenzari.
Ashenzari was noncommittal.
You visited 2 branches of the dungeon, and saw 8 of its levels.
You also visited: Sewer.

You collected 211 gold pieces.

Inventory:

Hand Weapons
 b - a +0 dagger
 i - a +2 dagger of electrocution (weapon)
 j - a +1 short sword of flaming
 x - a +0 rapier
 A - the +10 hunting sling "Ushax" {flame, rF+ Int+4}
   (You found it on level 6 of the Dungeon)

   Any ammunition fired from it burns those it strikes, dealing additional fire
   damage.
   Int:       It affects your intelligence (+4).
   rF:        It protects you from fire.
Missiles
 c - 39 poisoned darts
 p - a curare-tipped dart
 w - 2 boomerangs
Armour
 a - a +0 robe (worn)
 k - a +0 pair of gloves (worn)
 v - a +0 kite shield
 F - a +0 helmet
Jewellery
 D - a ring of protection from fire
 E - a +6 ring of strength (left hand)
 G - a +4 ring of protection (right hand)
Wands
 f - a wand of acid (23)
 s - a wand of polymorph (7)
 C - a wand of mindburst (16)
Scrolls
 g - 2 scrolls of vulnerability {unknown}
 l - a scroll of teleportation
 m - a scroll of enchant armour {unknown}
 r - 7 scrolls of identify {unknown}
 t - a scroll of noise {unknown}
 y - a scroll of torment {unknown}
Potions
 d - 5 potions of curing
 e - 3 potions of flight {unknown}
 h - a potion of cancellation {unknown}
 n - a potion of magic {unknown}
 o - a potion of haste {unknown}
 q - a potion of mutation {unknown}
 u - 3 potions of invisibility {unknown}
 z - a potion of attraction {unknown}
 B - 2 potions of resistance {unknown}
 H - a potion of berserk rage {unknown}


   Skills:
 + Level 6.5 Fighting
 - Level 2.3 Dodging
 - Level 2.0 Stealth
 * Level 4.4 Shields
 + Level 7.8 Spellcasting


You had 3 spell levels left.
You knew the following spells:

 Your Spells              Type           Power      Damage    Failure   Level
a - Sting                 Tmut/Pois      100%       1d8       1%          1
b - Poisonous Vapours     Pois/Air       70%        N/A       1%          2
c - Mephitic Cloud        Conj/Pois/Air  35%        N/A       1%          3
d - Olgreb's Toxic Radia  Pois           35%        N/A       4%          4
e - Summon Small Mammal   Summ           100%       N/A       1%          1
f - Corpse Rot            Necr/Air       70%        N/A       1%          2
g - Portal Projectile     Hex/Tloc       70%        N/A       1%          3
h - Sticky Flame          Conj/Fire      35%        2d5       4%          4
Your spell library was empty.

Dungeon Overview and Level Annotations

Branches:
Dungeon (7/15)             Temple (1/1) D:7           Sewer (visited)

Altars:
Ashenzari
Cheibriados
Dithmenos
Elyvilon
Fedhas
Gozag
Hepliaklqana
Kikubaaqudgha
Makhleb
Nemelex Xobeh
Okawaru
Qazlal
Ru
Sif Muna
Trog
Uskayaw
Vehumet
Wu Jian
Xom
Yredelemnul
Zin
The Shining One

Annotations:
D:7 Harold


Innate Abilities, Weirdness & Mutations

You are immune to sickness and miasma.
You are immune to poison.
Your flesh is very heat resistant. (rF++)
You are vulnerable to cold. (rC-)
You float through the air rather than walking.
You learn spells naturally, not from books.
Your magical power is your life essence.
You have superior vitality. (+4 HP)


Message History

The black bear closely misses you. x2
The black bear claws you but does no damage.
Harold throws a throwing net.
The throwing net hits you.
You become entangled in the net!
You stop ascending the stairs.
Unknown command.
Casting: Summon Small Mammal (safe; 1% risk of failure)
Confirm with . or Enter, or press ? or * to list all spells.
Aiming: Mephitic Cloud (safe; 1% risk of failure)
Press: ? - help, Shift-Dir - straight line, f/p - Harold
Aim: Harold, wielding a +0 trident and wearing a +2 ring mail of willpower (moderately wounded, poisoned, chance to affect: 58%)
The ball explodes into a vile cloud!
The stinking cloud engulfs Harold but does no damage.
Harold is moderately wounded.
The black bear bites you.
The black bear claws you but does no damage. x2
Harold is engulfed in noxious fumes.
You struggle against the net.
The water moccasin skeleton bites you but does no damage.
The black bear closely misses you. The black bear claws you. x2
Harold hits you from afar with a +0 trident!
You struggle against the net.
The water moccasin skeleton bites you. The black bear barely misses you.
The black bear claws you but does no damage.
The black bear claws you.
The water moccasin skeleton bites you but does no damage.
Harold hits you from afar with a +0 trident!
You rip the net and break free!
The water moccasin skeleton misses you. The black bear barely misses you.
The black bear claws you but does no damage.
The black bear claws you.
Harold hits you from afar with a +0 trident!
* * * LOW HITPOINT WARNING * * *
Okay, then.
Okay, then.
Okay, then.
Okay, then.
Harold closely misses you.
Harold looks more healthy.
Harold hits you from afar with a +0 trident!
You die...

#### ###.............
#######..#####...............
#...)..)..##.................
#.####....#............#.....
#.# ##....).)○...)....#####
#.# ##.##..#○........#### ...
####.)#@#............ ....
..# ##.)#..h...........##....
... #...##..'............
#.......#.⌠.⌠.#............
#.......#.....#............


You could see Harold, a black bear and a water moccasin skeleton.

Vanquished Creatures
  Prince Ribbit (D:6)
  Eustachio (D:6)
  A black bear (D:5)
  An orc warrior (D:6)
  6 ogres
  A phantom (D:5)
  7 kobold brigands
  2 bullfrogs
  A wyvern zombie (D:7)
  A scorpion (D:4)
  A wight (D:5)
  2 howler monkeys
  A hound (D:6)
  3 orc priests
  A bullfrog skeleton (D:4)
  An iguana (D:5)
  An orc wizard (D:5)
  12 adders
  2 river rats (Sewer)
  A shadow imp (D:6)
  2 ufetubi
  4 worms
  2 dart slugs
  21 orcs
  9 endoplasms
  3 giant cockroaches (D:4)
  9 goblins
  8 hobgoblins
  5 jackals
  16 kobolds
  7 quokkas
  12 ball pythons
  5 bats
  5 frilled lizards
  10 rats
165 creatures vanquished.

Vanquished Creatures (collateral kills)
  Blork the orc (D:5)
  A water moccasin skeleton (D:6)
  2 white imps
  An adder skeleton (D:4)
  A worm (D:2)
  An endoplasm (D:4)
7 creatures vanquished.

Vanquished Creatures (others)
  12 plants (D:3)
12 creatures vanquished.

Grand Total: 184 creatures vanquished

Notes
Turn   | Place    | Note
-------+----------+-------------------------------------------
     0 | D:1      | MacCMillion the Djinni Venom Mage began the quest for the
                  | Orb.
     0 | D:1      | Reached XP level 1. HP: 15/15 MP: 0/0
   164 | D:1      | Reached XP level 2. HP: 17/21 MP: 0/0
   694 | D:1      | Reached XP level 3. HP: 24/26 MP: 0/0
   694 | D:1      | Learned a level 1 spell: Summon Small Mammal
   726 | D:1      | Reached skill level 3 in Spellcasting
  1045 | D:1      | Found a faded altar of an unknown god.
  1463 | D:2      | Reached skill level 1 in Fighting
  1649 | D:2      | Reached XP level 4. HP: 23/32 MP: 0/0
  3345 | D:3      | Reached XP level 5. HP: 35/38 MP: 0/0
  3345 | D:3      | Learned a level 2 spell: Corpse Rot
  3718 | D:4      | Noticed an ogre
  3732 | D:4      | Killed an ogre
  3733 | D:4      | Reached skill level 4 in Spellcasting
  3733 | D:4      | Reached XP level 6. HP: 29/45 MP: 0/0
  3784 | D:5      | Entered Level 5 of the Dungeon
  4015 | D:4      | Noticed an ogre
  4024 | D:4      | Killed an ogre
  4175 | D:4      | Found a glowing drain.
  4268 | Sewer    | Entered a sewer
  4576 | Sewer    | Reached XP level 7. HP: 42/50 MP: 0/0
  4576 | Sewer    | Learned a level 3 spell: Portal Projectile
  4656 | Sewer    | Reached skill level 5 in Spellcasting
  5140 | Sewer    | Reached XP level 8. HP: 43/58 MP: 0/0
  5880 | D:4      | Reached skill level 6 in Spellcasting
  6142 | D:4      | Found an iron altar of Okawaru.
  6738 | D:5      | Noticed Blork the orc
  6751 | D:5      | Killed Blork the orc
  6752 | D:5      | Reached skill level 5 in Fighting
  6752 | D:5      | Reached skill level 1 in Shields
  7227 | D:5      | Reached XP level 9. HP: 44/65 MP: 0/0
  7227 | D:5      | Learned a level 4 spell: Sticky Flame
  7815 | D:6      | Reached skill level 7 in Spellcasting
  8050 | D:6      | Identified the +10 hunting sling "Ushax" {flame, rF+ Int+4}
  8461 | D:5      | Found a basalt altar of Yredelemnul.
  8461 | D:5      | Found a shadowy altar of Dithmenos.
  8783 | D:6      | Noticed Eustachio
  9091 | D:6      | Noticed Prince Ribbit
  9115 | D:6      | Killed Prince Ribbit
  9467 | D:6      | Killed Eustachio
 10065 | D:7      | Found a staircase to the Ecumenical Temple.
 10075 | Temple   | Entered the Ecumenical Temple
 10212 | Temple   | Became a worshipper of Ashenzari the Shackled
 10630 | D:7      | Noticed Harold
 10657 | D:7      | Slain by Harold

Illustrated notes

Levels and vault maps discovered:
D:1:      evilmike_arrival_fibonacci_small, layout_rooms,
          dreamdust_ecumenical_altar_angels_and_demons, minmay_misc_feat_doors,
          glass_columns_c
D:2:      layout_basic
D:3:      layout_basic, serial_bayou_pond_b, lexackson_kobold_supper
D:4:      layout_cave_pools, mainiacjoe_overflow_boulevard, portal_sewer_entry_f
D:5:      layout_basic, gammafunk_temple_overflow_elements, uniq_blork_the_orc
D:6:      layout_loops_ring, uniq_eustachio, uniq_prince_ribbit1
D:7:      layout_cave_pools, minmay_temple_entry_hall, uniq_harold,
          uniq_crazy_yiuf_cottage
Temple:   mainiacjoe_temple_bowtie_tessellation

Skill      XL: |  1  2  3  4  5  6  7  8  9 |
---------------+----------------------------+-----
Spellcasting   | 3 4 5 6 7 |  7.8
Stealth        | 2 |  2.0
Fighting       | 1 2 3 4 5 6 |  6.5
Shields        | 2 4 |  4.4
Dodging        | |  2.3

Action                   |  1- 3 |  4- 6 |  7- 9 || total
-------------------------+-------+-------+-------++-------
Melee: Dagger            |     6 |    10 |    40 ||    56
Throw: Boomerang         |       |       |     1 ||     1
 Cast: Sting             |    45 |    68 |    56 ||   169
       Poisonous Vapours |    18 |    31 |   110 ||   159
       Summon Small Mamm |     2 |     4 |    51 ||    57
       Mephitic Cloud    |       |     2 |    13 ||    15
       Corpse Rot        |       |     1 |       ||     1
       Olgreb's Toxic Ra |       |     1 |       ||     1
       Sticky Flame      |       |       |     8 ||     8
       Portal Projectile |       |       |     1 ||     1
  Use: Scroll            |       |     1 |       ||     1
Armor: Robe              |     5 |     5 |    25 ||    35
Dodge: Dodged            |    16 |    26 |    76 ||   118

Table legend: (Time is in decaauts)
 A = Elapsed time spent in this place.
 B = Non-inter-level travel time spent in this place.
 C = Inter-level travel time spent in this place.
 D = Time resting spent in this place.
 E = Time spent auto-exploring this place.
 F = Levels seen in this place.
 G = Mean time per level.
                   A        B        C        D        E       F      G
               +--------+--------+--------+--------+--------+-----+--------+
         Total |  10660 |  10387 |    273 |   1562 |   6545 |   9 | 1184.4 |
       Dungeon |   8852 |   8615 |    237 |   1241 |   5426 |   7 | 1264.6 |
        Temple |    235 |    199 |     36 |      0 |    186 |   1 |  235.0 |
         Sewer |   1571 |   1571 |      0 |    321 |    933 |   1 | 1571.0 |
               +--------+--------+--------+--------+--------+-----+--------+

Top non-repeatable levels by time:
     D:6: 1948 daAuts
   Sewer: 1571 daAuts
     D:3: 1567 daAuts
     D:1: 1387 daAuts
     D:4: 1326 daAuts
     D:2: 1155 daAuts
     D:5: 932 daAuts
     D:7: 535 daAuts
  Temple: 235 daAuts
